 Dungeon Crawl Stone Soup version 0.27.1-33-g824d729ab1 (webtiles) character file.

Game seed: 10955764411523832872

3406 wilfster70 the Thaumaturge (level 10, -4/72 HPs)
             Began as a Djinni Conjurer on Dec 20, 2021.
             Slain by a wyvern (14 damage)
             ... on level 9 of the Dungeon on Dec 21, 2021.
             The game lasted 00:29:10 (11040 turns).

wilfster70 the Thaumaturge (Djinni Conjurer)       Turns: 11040, Time: 00:29:10

Health: -4/72      AC:  2    Str:  6    XL:     10   Next: 24%
Gold:   407        EV: 17    Int: 23    God:
                   SH:  0    Dex: 18

rFire    + + .     SeeInvis .   b - +4 hunting sling (flame)
rCold    x . .     Faith    .   (no shield)
rNeg     . . .     Spirit   .   i - +0 robe {Archmagi}
rPois    ∞         Reflect  .   (no helmet)
rElec    .         Harm     .   (no cloak)
rCorr    .         Rampage  .   (no gloves)
Will     +....     Archmagi +   (boots unavailable)
Stlth    ++........             (no amulet)
HPRegen  0.22/turn              n - +6 ring of dexterity
MPRegen  0.00/turn              k - +4 ring of slaying

@: flying
A: sickness immunity, fire resistance 2, cold vulnerability 1, float, innate
caster, hp casting, extra vitality 1
a: no special abilities


You were on level 9 of the Dungeon.
You visited 2 branches of the dungeon, and saw 10 of its levels.
You also visited: Ossuary.

You collected 407 gold pieces.

Inventory:

Hand Weapons
 a - the +6 trident of the Witching Mosquito {protect, +Rage Int+4}
   (You took it off an orc wizard on level 5 of the Dungeon)

   It grants its wielder temporary protection when it strikes (+7 to AC).
   Int:       It affects your intelligence (+4).
   +Rage:     It lets you go berserk.
 b - a +4 hunting sling of flaming (weapon)
Missiles
 l - 299 stones (quivered ammo)
 m - 88 sling bullets
Armour
 i - a +0 robe of the Archmagi (worn)
Jewellery
 j - a ring of see invisible
 k - a +4 ring of slaying (right hand)
 n - a +6 ring of dexterity (left hand)
Wands
 d - a wand of paralysis (4)
 g - a wand of acid (15)
 q - a wand of flame (19)
Scrolls
 c - 4 scrolls of blinking
 t - a scroll of teleportation
 v - 2 scrolls of fog
 w - a scroll of fear
Potions
 e - a potion of cancellation
 f - 3 potions of heal wounds
 h - a potion of might
 o - a potion of brilliance
 p - 3 potions of mutation
 r - 2 potions of curing {unknown}
 u - 3 potions of haste {unknown}
 x - a potion of berserk rage


   Skills:
 - Level 6.0 Fighting
 + Level 2.9 Slings
 - Level 2.0 Armour
 - Level 8.0 Dodging
 - Level 1.5 Stealth
 - Level 8.0 Spellcasting


You had one spell level left.
You knew the following spells:

 Your Spells              Type           Power      Damage    Failure   Level
a - Magic Dart            Conj           100%       1d8       1%          1
b - Searing Ray           Conj           100%       3d7       1%          2
c - Dazzling Flash        Conj/Hex       100%       N/A       1%          3
d - Fulminant Prism       Conj/Hex       31%        3d16      2%          4
e - Iskenderun's Mystic   Conj/Tloc      62%        2d13      2%          4
f - Corona                Hex            68%        N/A       1%          1
g - Static Discharge      Conj/Air       62%        N/A       1%          2
h - Inner Flame           Hex/Fire       62%        N/A       1%          3
i - Hailstorm             Conj/Ice       62%        3d13      2%          4
Your spell library was empty.

Dungeon Overview and Level Annotations

Branches:
Dungeon (9/15)             Temple (1/1) D:5         Ossuary (visited)
   Lair: D:8-11         Orc: D:9-12

Altars:
Ashenzari
Cheibriados
Dithmenos
Elyvilon
Fedhas
Gozag
Hepliaklqana
Kikubaaqudgha
Nemelex Xobeh
Okawaru
Qazlal
Ru
Sif Muna
Trog
Uskayaw
Vehumet
Wu Jian
Xom
Yredelemnul
Zin
The Shining One

Shops:
D:3 (

Annotations:
D:6 3 runed translucent doors, ioannis32's ghost, novice DsBe
D:8 exclusion: ice statue


Innate Abilities, Weirdness & Mutations

You are immune to sickness and miasma.
You are immune to poison.
Your flesh is very heat resistant. (rF++)
You are vulnerable to cold. (rC-)
You float through the air rather than walking.
You learn spells naturally, not from books.
Your magical power is your life essence.
You have superior vitality. (+4 HP)


Message History

The arrow closely misses you.
A wyvern comes into view.
The centaur shoots an arrow.
The arrow hits you! The arrow burns you.
The centaur shoots an arrow.
The arrow misses you.
The centaur shoots an arrow.
The arrow hits you!
The centaur shoots an arrow.
The arrow hits you! The arrow burns you.
The centaur shoots an arrow.
The arrow hits you!
Cast which spell? (? or * to list)
Aiming: Searing Ray (safe; 1% risk of failure)
Press: ? - help, Shift-Dir - straight line, f - centaur
Aim: a centaur, wielding a +0 shortbow of flaming and quivering arrows (90% to hit)
You feel a surge of power!
The searing ray hits the centaur!
The centaur is heavily wounded. (Press . to maintain the ray.)
The centaur shoots an arrow.
The arrow closely misses you.
The centaur shoots an arrow.
The arrow closely misses you.
The searing ray hits the centaur!
The centaur is almost dead.
The centaur shoots an arrow.
The arrow hits you!
* * * LOW HITPOINT WARNING * * *
Casting: Searing Ray (safe; 1% risk of failure)
Confirm with . or Enter, or press ? or * to list all spells.
Restarting spell: Searing Ray (safe; 1% risk of failure)
Press: ? - help, Shift-Dir - straight line, f/p - centaur
Aim: a centaur, wielding a +0 shortbow of flaming and quivering arrows (almost dead, 90% to hit)
You feel a surge of power!
The searing ray hits the centaur!
You kill the centaur! (Press . to maintain the ray.)
* * * LOW HITPOINT WARNING * * *
The wyvern completely misses you. The wyvern closely misses you.
Casting: Searing Ray (safe; 1% risk of failure)
Confirm with . or Enter, or press ? or * to list all spells.
Restarting spell: Searing Ray (safe; 1% risk of failure)
Press: ? - help, Shift-Dir - straight line, f - wyvern
Aim: a wyvern (83% to hit)
You feel a surge of power!
The searing ray misses the wyvern. (Press . to maintain the ray.)
* * * LOW HITPOINT WARNING * * *
The wyvern bites you!
You die...

#[.......#.........#
#####.#.##..#.######
##.#####.......#.#
#.......##.##....#
#..####.##.......#
#..## #.#####...##
#....##.## #...#
#......# #...#
#.......#@.# #...#
#.#.....l).........
...##............
........#.)...... #
.#..#.##.####.. .
#..... .# . ......#
## ##..#


You could see a wyvern.

Vanquished Creatures
  Eustachio (D:5)
  A steam dragon (D:8)
  Menkaure (Ossuary)
  A water moccasin (D:5)
  3 ice beasts
  A sky beast (D:8)
  A hornet zombie (D:8)
  2 ogres
  3 black bears
  2 orc warriors (D:7)
  2 centaurs
  A kobold brigand (D:7)
  2 phantoms
  A bullfrog (D:7)
  A gnoll sergeant (D:7)
  A scorpion (D:6)
  A water moccasin skeleton (D:5)
  2 howler monkeys
  A centaur zombie (D:7)
  3 bullfrog skeletons
  2 jellies (D:3)
  A centaur skeleton (D:6)
  7 orc priests
  5 hounds
  9 orc wizards
  2 killer bee zombies
  3 mummies (Ossuary)
  3 gnolls
  3 adders
  A howler monkey skeleton (D:6)
  A shadow imp (D:7)
  2 white imps
  2 adder skeletons
  3 worms
  A dart slug (D:3)
  21 orcs
  3 ball pythons
  10 bats
  7 endoplasms
  6 giant cockroaches
  4 gnoll zombies (Ossuary)
  3 goblins
  11 hobgoblins
  3 iguanas
  13 kobolds
  2 quokkas
  4 frilled lizards
  3 gnoll skeletons (Ossuary)
  8 goblin skeletons (Ossuary)
  7 goblin zombies (Ossuary)
  3 hobgoblin skeletons (Ossuary)
  6 hobgoblin zombies (Ossuary)
  3 kobold skeletons (Ossuary)
  2 kobold zombies (Ossuary)
  3 orc skeletons (Ossuary)
  2 orc zombies (Ossuary)
  4 rats
  5 rat skeletons (Ossuary)
  4 rat zombies (Ossuary)
213 creatures vanquished.

Vanquished Creatures (others)
  A fungus (D:1)
  A plant (D:1)
2 creatures vanquished.

Grand Total: 215 creatures vanquished

Notes
Turn   | Place    | Note
-------+----------+-------------------------------------------
     0 | D:1      | wilfster70 the Djinni Conjurer began the quest for the Orb.
     0 | D:1      | Reached XP level 1. HP: 15/15 MP: 0/0
   354 | D:1      | Reached XP level 2. HP: 17/21 MP: 0/0
   875 | D:1      | Reached XP level 3. HP: 22/25 MP: 0/0
   875 | D:1      | Learned a level 1 spell: Corona
   905 | D:1      | Found a faded altar of an unknown god.
  1789 | D:2      | Reached XP level 4. HP: 28/31 MP: 0/0
  1831 | D:2      | Found an iron altar of Okawaru.
  2455 | D:3      | Found Gori's Antique Weapon Shoppe.
  2498 | D:3      | Reached XP level 5. HP: 27/35 MP: 0/0
  2498 | D:3      | Learned a level 2 spell: Static Discharge
  2726 | D:3      | Reached skill level 5 in Spellcasting
  2968 | D:3      | Reached XP level 6. HP: 23/40 MP: 0/0
  3106 | D:3      | Found a shimmering altar of Xom.
  3556 | D:4      | Noticed an ogre
  3563 | D:4      | Killed an ogre
  3564 | D:4      | Reached XP level 7. HP: 22/45 MP: 0/0
  3564 | D:4      | Learned a level 3 spell: Inner Flame
  4383 | D:5      | Entered Level 5 of the Dungeon
  4387 | D:5      | Found a staircase to the Ecumenical Temple.
  4402 | D:5      | Noticed Eustachio
  4607 | D:5      | You are sucked into a shaft and drop 2 floors!
  4826 | D:6      | Reached XP level 8. HP: 44/50 MP: 0/0
  6365 | D:5      | Reached skill level 1 in Fighting
  6505 | D:5      | Found a sparkling altar of Nemelex Xobeh.
  6757 | D:5      | Reached XP level 9. HP: 55/62 MP: 0/0
  6757 | D:5      | Learned a level 4 spell: Hailstorm
  6768 | Temple   | Entered the Ecumenical Temple
  6838 | D:5      | Killed Eustachio
  6839 | D:5      | Reached skill level 5 in Fighting
  6853 | D:5      | Identified the +6 trident of the Witching Mosquito
                  | {protect, +Rage Int+4}
  7302 | D:5      | Found a glowing silver altar of Zin.
  7387 | D:6      | Found a basalt altar of Yredelemnul.
  7969 | D:6      | Found a runed translucent gate.
  7969 | D:6      | Found a runed translucent gate.
  7969 | D:6      | Found a runed translucent gate.
  7969 | D:6      | Noticed ioannis32's ghost (novice DsBe)
  8067 | D:7      | Reached skill level 5 in Dodging
  8289 | D:7      | Found a stormy altar of Qazlal.
  8846 | D:8      | Noticed a red ugly thing
  8978 | D:8      | Reached XP level 10. HP: 45/72 MP: 0/0
  9114 | D:8      | Found a sand-covered staircase.
  9133 | Ossuary  | Entered an ossuary
  9533 | Ossuary  | Noticed Menkaure
  9543 | Ossuary  | Killed Menkaure
  9544 | Ossuary  | Reached skill level 1 in Slings
  9804 | D:8      | Found a snail-covered altar of Cheibriados.
 10045 | D:8      | Noticed an ice statue
 11040 | D:9      | Slain by a wyvern

Illustrated notes

Levels and vault maps discovered:
D:1:      dpeg_arrival_rooms_a, layout_rooms,
          shapermc_ecumenical_altar_mp_urbaneastern
D:2:      layout_rooms, basic_altar, kennysheep_pointless_box,
          minmay_tiny_reverse_x
D:3:      layout_rooms, dk_xom_monty_hall, serial_shops, shop
D:4:      layout_rooms, nicolae_sif_muna_condensation
D:5:      layout_basic, mainiacjoe_overflow_chevrons, zin_scriptorium,
          minmay_temple_entry_glass, uniq_eustachio
D:6:      layout_layer_cave, mainiacjoe_overflow_brackets,
          gammafunk_ghost_necromancy, serial_shops, nicolae_square_shop,
          minivault_14
D:7:      layout_rooms, grunt_qazlal_sundering, mainiacjoe_overflow_boulevard
D:8:      lemuel_ice_statue, layout_rooms, amcnicky_altar_gilded,
          nicolae_ossuary_entry_false_entrances, minmay_misc_feat_doors,
          minmay_parallelograms, onia_ninara_dug_in_and_dangerous
D:9:      layout_loops_cross, lightli_temple_of_fire
Temple:   cyrus_circular_temple

Skill      XL: |  1  2  3  4  5  6  7  8  9 10 |
---------------+-------------------------------+-----
Spellcasting   | 4 5 6 7 8 |  8.0
Fighting       | 4 6 |  6.0
Armour         | 2 |  2.0
Dodging        | 7 8 |  8.0
Slings         | 2 |  2.9
Stealth        | |  1.5

Action                   |  1- 3 |  4- 6 |  7- 9 | 10-12 || total
-------------------------+-------+-------+-------+-------++-------
Melee: Unarmed           |     8 |       |       |       ||     8
       Mace              |     1 |     2 |     8 |       ||    11
 Fire: Hunting sling     |       |       |    52 |   140 ||   192
 Cast: Magic Dart        |    33 |     2 |     5 |       ||    40
       Searing Ray       |    26 |    42 |    81 |     7 ||   156
  Use: Scroll            |     5 |     6 |     8 |     3 ||    22
       Potion            |       |       |     2 |       ||     2
Armor: Robe              |     7 |     1 |    20 |     4 ||    32
Dodge: Dodged            |     8 |    11 |    78 |    29 ||   126
